 Dungeon Crawl Stone Soup version 0.25-a0-310-g60f0ac2d9a (webtiles) character file.

Game seed: 1591568235973773188, levelgen mode: deterministic

72 Anoao the Covered (level 4, 0/52 HPs)
             Began as a Human Fighter on Dec 24, 2019.
             Succumbed to a scorpion's poison
             ... on level 2 of the Dungeon.
             The game lasted 00:06:36 (834 turns).

Anoao the Covered (Human Fighter)                    Turns: 834, Time: 00:06:37

Health: 0/52       AC:  6    Str: 23    XL:     4   Next: 48%
Magic:  4/4        EV:  7    Int:  8    God:
Gold:   57         SH:  9    Dex: 12    Spells: 3/3 levels left

rFire    . . .     SeeInvis .   a - +0 long sword
rCold    . . .     Gourm    .   c - +0 shield
rNeg     . . .     Faith    .   b - +0 scale mail
rPois    .         Spirit   .   (no helmet)
rElec    .         Reflect  .   (no cloak)
rCorr    .         Harm     .   (no gloves)
MR       .....                  (no boots)
Stlth    ..........             (no amulet)
HPRegen  0.17/turn              (no ring)
MPRegen  0.09/turn              (no ring)

@: berserking, lethally poisoned (0 -> -12), very quick
A: no striking features
a: no special abilities


You were on level 2 of the Dungeon.
You were not hungry.

You visited 1 branch of the dungeon, and saw 2 of its levels.

You collected 57 gold pieces.

Inventory:

Hand Weapons
 a - a +0 long sword (weapon)
 j - a cursed -1 dagger
Armour
 b - a +0 scale mail (worn)
 c - a +0 shield (worn)
Scrolls
 g - 2 scrolls of teleportation {unknown}
Potions
 d - a potion of might
 e - a potion of berserk rage
 h - a potion of cancellation {unknown}
 i - a potion of lignification {unknown}
Comestibles
 f - 3 rations
 k - 3 chunks of flesh


   Skills:
 + Level 3.3 Fighting
 + Level 3.0 Long Blades
 + Level 3.6 Armour
 + Level 3.4 Shields


You had 3 spell levels left.
You didn't know any spells.
Your spell library was empty.

Dungeon Overview and Level Annotations

Branches:
Dungeon (2/15)

Altars:


Message History

The scorpion is almost dead.
* * * LOW HITPOINT WARNING * * *
You feel sick.
The scorpion stings you but does no damage.
You hit the scorpion.
You kill the scorpion!
Your Long Blades skill increases to level 3!
You have reached level 4!
You feel stronger.
* * * LOW HITPOINT WARNING * * *
You feel sick.
It was a potion of berserk rage.
A red film seems to cover your vision as you go berserk!
You feel yourself moving faster!
You feel mighty!
* * * LOW HITPOINT WARNING * * *
You feel sick.
You are too berserk!
You are too berserk!
You feel a strong urge to attack something.
You die...

# .. .#
#.#########..
#..........# #
.#..##<##.###..#
...........@....#
.....##.##.#.####
#.## #.##.#.#
#.##.#.# #.##...#
#.###### #.# ..


There were no monsters in sight!

Vanquished Creatures
  A scorpion (D:2)
  An ooze (D:1)
  2 dart slugs (D:1)
  A giant cockroach (D:1)
  2 hobgoblins (D:1)
  4 jackals (D:1)
  A bat (D:1)
  A rat (D:1)
13 creatures vanquished.

Notes
Turn   | Place    | Note
-------+----------+-------------------------------------------
     0 | D:1      | Anoao the Human Fighter began the quest for the Orb.
     0 | D:1      | Reached XP level 1. HP: 18/18 MP: 1/1
    83 | D:1      | Reached XP level 2. HP: 17/24 MP: 2/2
   802 | D:1      | Reached XP level 3. HP: 27/29 MP: 3/3
   820 | D:2      | Noticed a scorpion
   832 | D:2      | Killed a scorpion
   832 | D:2      | Reached XP level 4. HP: 4/35 MP: 4/4
   833 | D:2      | HP: 1/52 [poisoned by a scorpion]
   834 | D:2      | Succumbed to a scorpion's poison

Levels and vault maps discovered:
D:1:      lemuel_arrival_behind_the_door_large, layout_basic
D:2:      layout_basic, elyvilon_altar_3, minmay_misc_feat_hallway,
          nicolae_gozag_cash_rules_everything_around_me, uniq_sigmund

Skill      XL: |  1  2  3 |
---------------+----------+-----
Long Blades    | 3 |  3.0
Fighting       | |  3.3
Armour         | |  3.6
Shields        | |  3.4

Action                   |  1- 3 |  4- 6 || total
-------------------------+-------+-------++-------
Melee: Long sword        |    38 |       ||    38
  Use: Potion            |       |     1 ||     1
Armor: Scale mail        |    20 |       ||    20
Dodge: Dodged            |     8 |       ||     8
Block: Shield            |    20 |       ||    20
       Rpst.: Long sword |     4 |       ||     4

Table legend:
 A = Non-vault XP
 B = Vault XP
 C = Vault XP percentage of total XP
 D = Non-vault monster count
 E = Vault monster count
 F = Vault count percentage of total count
                 A         B        C        D         E       F
            +---------+---------+-------+---------+---------+-------
      Total |     103 |       0 |   0.0 |      13 |       0 |   0.0
            +---------+---------+-------+---------+---------+-------
        D:1 |      31 |       0 |   0.0 |      12 |       0 |   0.0
        D:2 |      72 |       0 |   0.0 |       1 |       0 |   0.0
            +---------+---------+-------+---------+---------+-------
